Map: Romanticide LE

Players

Nina

  • Race: Protoss Protoss
  • League: Grandmaster

PiLiPiLi - Winner!

  • Race: Protoss Protoss
  • League: Grandmaster

Event: DreamHack SC2 Masters 2021 Summer

VOD

Have the link to the VOD?

Description

Time

  • Played on: May 25, 2021, 4:47 p.m.
  • Length: 11:48

All games in this series

Show
View Real Time Build Order
Export as new Build Order

Nina Protoss 

Build Orders: Oracle Opening 

Get SALT Encoding   

  12  0:00  Probe  
  13  0:12  Probe  
  14  0:18  Pylon  
  14  0:24  Probe (Chrono Boost)  
  15  0:36  Probe (Chrono Boost)  
  15  0:37  Gateway  
  16  0:45  Probe (Chrono Boost)  
  17  0:51  Probe, Assimilator  
  18  0:57  Assimilator  
  18  1:03  Probe (Chrono Boost)  
  19  1:14  Probe (Chrono Boost)  
  19  1:17  Gateway  
  20  1:19  Probe (Chrono Boost)  
  21  1:26  Cybernetics Core  
  21  1:29  Probe  
  21  1:32  Pylon  
  22  1:41  Probe  
  23  1:51  Pylon  
  23  1:53  Probe  
  24  2:03  Adept  
  24  2:04  Warp Gate, Adept  
  28  2:18  Stargate  
  28  2:21  Pylon  
  28  2:23  Probe  
  29  2:35  Stalker  
  31  2:37  Probe  
  31  2:42  Stalker  
  34  2:49  Probe  
  35  2:57  Shield Battery  
  35  3:03  Oracle (Chrono Boost)  
  38  3:08  Probe  
  38  3:20  Probe  
  39  3:32  Probe  
  40  3:37  Oracle (Chrono Boost)  
  43  3:45  Probe  
  44  3:50  Nexus  
  40  4:12  Probe  
  40  4:15  Stalker x2  
  41  4:17  Shield Battery  
  38  4:25  Probe  
  38  4:30  Twilight Council  
  39  4:38  Stalker x2  
  39  4:43  Probe  
  44  4:49  Shield Battery  
  44  4:55  Probe  
  41  5:02  Stalker x2  
  43  5:08  Probe  
  43  5:12  Oracle  
  43  5:22  Gateway  
  43  5:23  Stalker  
  44  5:40  Stalker  
  46  5:43  Stalker  
  46  5:47  Probe x2  
  49  5:59  Probe x2  
  51  6:04  Forge  
  51  6:11  Probe x2  
  53  6:23  Stalker x2  
  53  6:25  Assimilator  
  54  6:30  Twilight Council  
  54  6:36  Pylon  
  54  6:38  Probe x2  
  54  6:39  Photon Cannon  
  53  6:41  Photon Cannon  
  53  6:44  Protoss Ground Weapons Level 1 (Chrono Boost)  
  53  6:45  Pylon  
  53  6:50  Probe  
  54  6:54  Probe  
  54  6:58  Blink (Chrono Boost)  
  55  7:02  Probe  
  55  7:06  Probe  
  57  7:15  Probe, Assimilator  
  58  7:18  Probe  
  58  7:19  Gateway  
  58  7:21  Robotics Facility  
  58  7:22  Gateway  
  59  7:30  Stalker x2  
  59  7:34  Pylon  
  63  7:39  Stalker  
  65  7:56  Nexus  
  65  7:58  Pylon, Sentry  
  65  7:59  Sentry  
  69  8:11  Observer, Stalker  
  72  8:18  Probe x2  
  74  8:23  Zealot, Robotics Bay  
  74  8:25  Shield Battery  
  76  8:28  Photon Cannon  
  76  8:30  Probe  
  77  8:34  Stalker  
  77  8:37  Probe  
  77  8:41  Stalker  
  82  8:45  Pylon  
  82  8:47  Probe  
  83  8:50  Stalker  
  85  9:04  Stalker  
  85  9:05  Stalker x2  
  89  9:12  Stalker  
  89  9:14  Disruptor (Chrono Boost)  
  87  9:21  Stalker  
  92  9:27  Stalker  
  92  9:28  Stalker  
  96  9:34  Stalker  
  96  9:37  Pylon  
  97  9:47  Stalker x2  
  91  9:58  Probe  
  81  10:13  Disruptor  
  76  10:17  Pylon  
  72  10:36  Pylon  
  72  10:37  Stalker x3  
  72  10:38  Pylon  
  72  10:41  Shield Battery  
  76  10:50  Disruptor  
  76  10:56  Stalker  
  73  11:08  Stalker x4  
  66  11:31  Stalker x2  
Show
View Real Time Build Order
Export as new Build Order

PiLiPiLi Protoss - Winner!

Build Orders: Oracle Opening, Phoenix Opening 

Get SALT Encoding   

  12  0:00  Probe  
  13  0:12  Probe  
  14  0:17  Pylon  
  14  0:24  Probe (Chrono Boost)  
  15  0:36  Gateway  
  15  0:37  Probe (Chrono Boost)  
  16  0:45  Probe (Chrono Boost)  
  16  0:46  Assimilator  
  17  0:51  Probe  
  17  0:55  Assimilator  
  18  1:03  Probe  
  19  1:11  Gateway  
  19  1:15  Probe (Chrono Boost)  
  20  1:25  Probe (Chrono Boost), Cybernetics Core  
  21  1:30  Probe (Chrono Boost)  
  22  1:36  Pylon  
  22  1:43  Probe  
  23  1:55  Probe  
  23  2:01  Stalker x2  
  28  2:03  Warp Gate  
  28  2:08  Probe  
  29  2:14  Pylon  
  29  2:26  Stargate  
  29  2:30  Probe  
  29  2:38  Stalker  
  29  2:41  Stalker  
  33  2:49  Shield Battery  
  33  2:59  Probe  
  34  3:06  Pylon  
  34  3:14  Oracle (Chrono Boost)  
  34  3:15  Pylon  
  37  3:22  Probe  
  38  3:34  Nexus  
  36  3:42  Phoenix (Chrono Boost)  
  38  3:49  Shield Battery  
  38  3:59  Probe  
  38  4:11  Probe  
  38  4:12  Phoenix  
  41  4:18  Twilight Council  
  41  4:23  Probe  
  42  4:35  Probe, Stalker x2  
  47  4:47  Probe  
  47  4:49  Probe  
  49  4:59  Probe  
  45  5:01  Probe  
  45  5:05  Stalker x2  
  48  5:11  Probe  
  48  5:13  Probe  
  48  5:23  Probe  
  48  5:24  Dark Shrine  
  48  5:25  Probe  
  48  5:36  Probe  
  48  5:38  Probe  
  50  5:44  Stalker x2  
  50  5:48  Probe  
  55  5:50  Probe  
  55  5:52  Assimilator  
  55  5:53  Pylon  
  55  5:55  Robotics Facility  
  56  5:58  Gateway  
  56  6:00  Probe, Pylon  
  56  6:02  Probe  
  58  6:12  Probe  
  58  6:14  Probe  
  58  6:17  Blink (Chrono Boost)  
  54  6:24  Probe  
  55  6:26  Probe  
  56  6:34  Nexus  
  56  6:36  Probe, Pylon  
  57  6:41  Stalker  
  57  6:42  Stalker  
  57  6:43  Probe  
  62  6:48  Probe  
  63  6:55  Probe  
  63  7:00  Probe, Gateway  
  66  7:01  Observer (Chrono Boost), Gateway  
  66  7:09  Probe  
  66  7:12  Probe  
  66  7:15  Pylon  
  68  7:21  Gateway  
  68  7:22  Observer (Chrono Boost), Gateway  
  69  7:27  Stalker  
  69  7:29  Stalker  
  73  7:32  Probe x2  
  73  7:35  Shield Battery  
  75  7:40  Stalker  
  77  7:51  Probe x3  
  80  7:52  Stalker x2  
  80  7:56  Warp Prism (Chrono Boost)  
  80  7:57  Charge (Chrono Boost)  
  84  8:03  Pylon  
  86  8:11  Stalker x2  
  90  8:13  Stalker  
  90  8:15  Probe  
  93  8:20  Stalker  
  93  8:22  Pylon  
  93  8:26  Zealot  
  93  8:27  Zealot x2  
  101  8:32  Gateway  
  101  8:34  Sentry  
  101  8:35  Zealot  
  101  8:36  Zealot  
  107  8:46  Zealot  
  107  8:47  Zealot x3  
  111  9:03  Pylon  
  111  9:04  Pylon  
  111  9:14  Stalker  
  111  9:15  Stalker x6  
  119  9:22  Pylon  
  119  9:26  Gateway  
  119  9:35  Zealot  
  119  9:38  Zealot x6  
  109  9:55  Stalker  
  109  9:56  Stalker  
  101  10:00  Stalker x5  
  109  10:08  Probe  
  100  10:33  Stalker x8  
  116  10:36  Nexus  
  116  10:41  Forge  
  114  11:04  Zealot x9  
  116  11:22  Stalker x2  
  112  11:29  Stalker x4  
  112  11:30  Stalker x3  
Tags
 
Add a new tag
Caveats
  • Supply blocks, unpowered buildings, or Contaminate may cause inaccurate times.
  • Supply counts are checked every 10 seconds.